AoeStats
← Hammurabi

African Clearing

506503996Analyzed
4v4 RM · 18d ago on Sep 13, 2026· 31m 56s· 8 players
Game mode
Random Map
Map size
Large (8 player)
Population
200
Speed
Normal
Resources
Standard
Victory
Conquest
Starting age
Dark Age
Ending age
Imperial Age
RankedLock teamsTeams togetherTeam positionsShared explorationLock speedFull tech treeHidden civsTurbo modeCheats
Victory
Defeat
🇩🇪 Celts · Germany
968
+15
🇪🇸 Maya · Spain
967
+15
🇹🇷 Mongols · Türkiye
941
+16
🇪🇸 Khmer · Spain
941
+16
🇺🇸 Malians · United States
982
-16
🇲🇽 Turks · Mexico
970
-17
🇨🇴 Britons · Colombia
933
-15
🇱🇻 Hindustanis · Latvia
914
-14
El Tlatoani
5:13 Loom
15:55 Feudal Age
21:57 Castle Age
21:09 Double-Bit Axe
LordSakayO
14:31 Feudal Age
15:53 Double-Bit Axe
15:50 Horse Collar
19:02 Loom
22:42 Castle Age
uri.nimrod
4:00 Loom
14:09 Feudal Age
23:06 Castle Age
22:07 Double-Bit Axe
22:49 Forging
22:45 Scale Barding Armor
26:33 Medium Warships
28:52 Town Watch
c190
5:19 Loom
16:29 Feudal Age
18:29 Double-Bit Axe
23:08 Castle Age
22:32 Bloodlines
27:05 Scale Barding Armor
27:11 Forging
28:34 Chain Barding Armor
31:56 Iron Casting
CountOfGondomar
9:55 Loom
13:22 Feudal Age
14:27 Double-Bit Axe
20:09 Horse Collar
22:30 Castle Age
21:07 Stone Mining
22:16 Gold Mining
22:54 Crossbowman
23:59 Fletching
24:09 Padded Archer Armor
25:05 Stone Shaft Mining
25:16 Bodkin Arrow
26:51 Wheelbarrow
26:52 Eagle Warrior
28:24 Bow Saw
28:32 Scale Mail Armor
29:10 Town Watch
30:23 Town Watch
30:56 Hand Cart
31:45 Heavy Plow
32:26 Ballistics
CountessOfGondomar
4:06 Loom
15:55 Feudal Age
19:02 Castle Age
19:28 Forging
19:24 Scale Barding Armor
19:45 Bloodlines
20:52 Double-Bit Axe
25:29 Bow Saw
25:49 Horse Collar
26:56 Wheelbarrow
26:10 Town Watch
28:57 Hand Cart
29:53 Town Patrol
Hammurabi
3:16 Loom
13:03 Feudal Age
19:28 Castle Age
17:18 Double-Bit Axe
20:20 Scale Barding Armor
27:13 Forging
29:28 Pikeman
Traygamor
6:25 Loom
15:16 Feudal Age
18:59 Castle Age
17:37 Double-Bit Axe
18:40 Fletching
18:51 Padded Archer Armor
18:54 Gold Mining
23:33 Ballistics
23:57 Bodkin Arrow
29:47 Wheelbarrow
29:24 Bow Saw
29:50 Gold Shaft Mining
29:45 Town Watch
30:32 Scale Barding Armor
Connection lost

Rejoining the realm…

Still unreachable

The connection could not be restored.

Session expired

The server has moved on; the page needs a fresh start.